 Dungeon Crawl Stone Soup version 0.30.0-29-ga12c61a403 (webtiles) character file.

Game seed: 7527902537272442665

13530 booth the Destroyer (level 12, -20/67 HPs)
             Began as a Gargoyle Reaver on June 19, 2023.
             Was an Elder of Hepliaklqana.
             Killed from afar by Azrael (29 damage)
             ... with a fireball
             ... on level 12 of the Dungeon on June 20, 2023.
             The game lasted 01:16:28 (10888 turns).

booth the Destroyer (Gargoyle Reaver)              Turns: 10888, Time: 01:16:29

Health: -20/67     AC: 22    Str: 18    XL:     12   Next: 7%
Magic:  22/22      EV: 18    Int: 15    God:    Hepliaklqana [****..]
Gold:   460        SH:  4    Dex: 10    Spells: 19/25 levels left

rFire   . . .        A - +7 Throatcutter {drain, coup de grace}
rCold   . . .        j - +1 buckler
rNeg    + . .        L - +0 troll leather armour
rPois   ∞            i - +1 helmet
rElec   +            (no cloak)
rCorr   .            (no gloves)
SInv    .            (no boots)
Will    .....        (no amulet)
Stlth   +            h - +4 ring of protection
HPRegen 1.11/turn    l - +5 ring of evasion
MPRegen 0.18/turn

%: no passive effects
@: no status effects
A: reduced essence, sickness immunity, AC +8, negative energy resistance 1,
electricity resistance, torment resistance 1, petrification resistance,
iridescent scales 1, MP-powered wands
a: Renounce Religion, Recall Ancestor, Ancestor Identity, Transference, Idealise


You were on level 12 of the Dungeon.
You worshipped Hepliaklqana.
Hepliaklqana was greatly pleased with you.
You visited 2 branches of the dungeon, and saw 13 of its levels.

You collected 593 gold pieces.
You spent 133 gold pieces at shops.

Inventory:

Hand Weapons
 a - a +1 mace
 t - a +0 hand axe
 A - the +7 Throatcutter (weapon) {drain, coup de grace}
   (You found it on level 3 of the Dungeon)
 I - a +2 heavy flail
Missiles
 r - 2 boomerangs (quivered)
 s - 30 poisoned darts
 y - a boomerang of dispersal
 z - 3 curare-tipped darts
 H - 3 throwing nets
Armour
 i - a +1 helmet (worn)
 j - a +1 buckler (worn)
 E - the +6 chain mail of Hospitality {rElec rPois Slay+5}
   (You found it on level 7 of the Dungeon)

   Slay:      It affects your accuracy & damage with ranged weapons and melee
   (+5).
   rElec:     It insulates you from electricity.
   rPois:     It protects you from poison.
 L - a +0 troll leather armour (worn)
Jewellery
 h - a +4 ring of protection (left hand)
 l - a +5 ring of evasion (right hand)
Wands
 p - a wand of roots (27)
 v - a wand of mindburst (11)
 D - a wand of paralysis (12)
Scrolls
 b - a scroll of amnesia
 f - 4 scrolls of vulnerability
 n - a scroll of fear
 q - a scroll of immolation
 u - 2 scrolls of fog
 x - a scroll of identify
 F - 3 scrolls of blinking
 K - a scroll of poison
Potions
 c - a potion of might
 d - 3 potions of brilliance
 e - 2 potions of attraction
 g - 2 potions of curing
 m - 3 potions of invisibility
 o - 5 potions of haste
 w - 2 potions of cancellation
 B - 2 potions of mutation
 C - a potion of ambrosia
 J - 2 potions of heal wounds
Miscellaneous
 G - a phial of floods


   Skills:
 + Level 8.6 Fighting
 + Level 5.2 Long Blades
 + Level 8.1 Maces & Flails
 + Level 6.1 Armour
 + Level 6.5 Dodging
 + Level 7.2 Spellcasting
 + Level 9.0 Conjurations
 + Level 3.4 Hexes


You had 19 spell levels left.
You knew the following spells:

 Your Spells              Type           Power      Damage    Failure   Level
a - Kiss of Death         Conj/Necr      72%        2d10      3%          1
b - Momentum Strike       Conj/Tloc      36%        3d9       4%          2
c - Hailstorm             Conj/Ice       18%        3d6       10%         3

Your spell library contained the following spells:

 Spells                   Type           Power      Damage    Failure   Level
 Confusing Touch          Hex            15%        N/A       16%         3
 Necrotise                Necr           20%        1d5       21%         1
 Inner Flame              Hex/Fire       10%        N/A       30%         3
 Vampiric Draining        Necr           5%         2d6       52%         3
 Dispel Undead            Necr           5%         3d7       90%         4
 Yara's Violent Unravell  Hex/Tmut       5%         3d4       95%         5
 Agony                    Necr           5%         N/A       99%         5
 Enfeeble                 Hex            7%         N/A       100%        7


Dungeon Overview and Level Annotations

Branches:
Dungeon (12/15)            Temple (1/1) D:4            Lair (0/5) D:11
    Orc (0/2) D:11

Altars:
Ashenzari
Cheibriados
Dithmenos
Elyvilon
Fedhas
Gozag
Hepliaklqana
Kikubaaqudgha
Makhleb
Nemelex Xobeh
Okawaru
Qazlal
Ru
Sif Muna
Trog
Uskayaw
Vehumet
Wu Jian
Xom
Yredelemnul
Zin
The Shining One

Shops:
D:9 ?

Annotations:
D:6 Blork the orc
D:12 exclusion: obsidian statue, Azrael, Rupert


Innate Abilities, Weirdness & Mutations

Your life essence is reduced to manifest your ancestor. (-10% HP)
You are immune to sickness and miasma.
Your stone body is resilient. (AC +8)
You are immune to poison.
You resist negative energy. (rN+)
You are resistant to electric shocks. (rElec)
You are resistant to unholy torment.
You are immune to petrification.
You are partially covered in iridescent scales. (AC +2)
You expend magic power (3 MP) to strengthen your wands.


Message History

You hit the centaur.
The centaur is lightly wounded.
The centaur unwields a +0 shortbow.
The centaur closely misses you.
The centaur kicks you but does no damage.
The centaur closely misses you.
The centaur kicks you but does no damage.
The gnoll sergeant hits you from afar with a +2 spear of freezing.
* * * LOW HITPOINT WARNING * * *
The gnoll sergeant freezes you.
* * * LOW HITPOINT WARNING * * *
The obsidian statue's eyes glow briefly.
The gnoll hits you but does no damage. The gnoll closely misses you.
The shadow imp barely misses you. The centaur closely misses you.
The centaur completely misses you.
The centaur hits you but does no damage.
You block the centaur's attack. The gnoll barely misses you.
The gnoll hits you but does no damage.
The gargoyle hurls a stone arrow at you.
The stone arrow misses you.
The stone arrow hits the centaur!
The gnoll sergeant closely misses you.
The obsidian statue's eyes glow briefly.
The obsidian statue attempts to bespell you!
You are mesmerised by the obsidian statue!
You barely miss the centaur.
The centaur is almost dead.
Your surroundings suddenly seem different.
Azrael, a hell hound, 3 fire elementals, a komodo dragon and a troll come into view.
Azrael is wielding a +3 scimitar of flaming.
Found a runed long sword.
You break out of your daze!
The hell hound barks!
The komodo dragon hisses angrily.
The troll shouts!
Rupert the Wild comes into view.
He is wielding a +0 heavy battleaxe.
Azrael gestures at you.
The fireball explodes!
The fireball engulfs the fire elemental.
The fire elemental completely resists.
The fireball engulfs the hell hound.
The hell hound completely resists.
The fireball engulfs the fire elemental.
The fire elemental completely resists.
The fireball engulfs you!!
You die...

.)..gg95......
....cg.5................
.....ccc...... ......l..
...#.c..$..... .........
...#.......... .........
.............. #........
...........##. #........
.........##.#..#........
..........#...☼h@.......
........# #..☼.EE.......
....#...#.....E○##...###
....#.....#.☼○○. ..##
......... ##...R .#
......... ###.. ..
......... ..# T@
......... ... ..#
.....<...


You could see Rupert (wandering), Azrael, a komodo dragon, a troll, 3 fire
elementals and a hell hound.

Vanquished Creatures
  3 two-headed ogres
  Nergalle (D:10)
  Pikel (D:7)
  A komodo dragon (D:11)
  2 trolls (D:11)
  A shadow (D:10)
  A wraith (D:11)
  2 yaks (D:10)
  Grum (D:10)
  5 vampire mosquitoes
  Menkaure (D:4)
  5 water moccasins
  Duvessa (D:7)
  3 orc warriors (D:11)
  A sky beast (D:8)
  6 ogres
  A wolf (D:10)
  A phantom (D:6)
  3 centaurs
  A lemure (D:7)
  4 kobold brigands
  4 bullfrogs
  3 gnoll sergeants
  A wyvern zombie (D:6)
  7 wights (D:6)
  Dowan (D:7)
  3 killer bees (D:9)
  5 howler monkeys
  3 centaur zombies (D:6)
  A bullfrog zombie (D:6)
  4 hounds
  2 orc priests (D:6)
  Jessica (D:2)
  An iguana (D:5)
  4 orc wizards
  16 adders
  11 gnolls
  A shadow imp (D:5)
  A white imp (D:5)
  A worm (D:2)
  3 dart slugs
  17 orcs
  7 bats
  9 endoplasms
  4 giant cockroaches
  10 goblins
  5 hobgoblins
  18 kobolds
  4 quokkas
  9 ball pythons
  A frilled lizard (D:1)
  5 rats
207 creatures vanquished.

Vanquished Creatures (collateral kills)
  A boulder beetle (D:11)
  2 ugly things (D:11)
  2 manticores (D:11)
  Psyche (D:9)
  A troll (D:11)
  A shadow (D:12)
  2 yaks (D:10)
  2 vampire mosquitoes (D:11)
  2 orc warriors
  A black bear (D:11)
  A wolf (D:10)
  A centaur (D:12)
  2 kobold brigands (D:11)
  4 bullfrogs
  2 gnoll sergeants (D:11)
  A killer bee (D:9)
  4 howler monkeys
  A bullfrog zombie (D:6)
  An orc wizard (D:10)
  A killer bee zombie (D:6)
  3 gnolls
  An orc (D:11)
37 creatures vanquished.

Vanquished Creatures (others)
  4 battlemagi
  An ancestor (D:7)
  2 orcs (D:10)
7 creatures vanquished.

Grand Total: 251 creatures vanquished

Notes
Turn   | Place    | Note
-------+----------+-------------------------------------------
     0 | D:1      | booth the Gargoyle Reaver began the quest for the Orb.
     0 | D:1      | Reached XP level 1. HP: 12/12 MP: 3/3
   188 | D:1      | Reached XP level 2. HP: 18/18 MP: 5/5
   332 | D:1      | Reached XP level 3. HP: 19/22 MP: 6/6
   335 | D:1      | Learned a level 2 spell: Momentum Strike
   339 | D:1      | Learned a level 3 spell: Hailstorm
  1301 | D:2      | Reached XP level 4. HP: 27/27 MP: 7/7
  1343 | D:2      | Noticed Jessica
  1353 | D:2      | Killed Jessica
  1550 | D:2      | Reached XP level 5. HP: 32/32 MP: 9/9
  1589 | D:2      | Found a faded altar of an unknown god.
  1643 | D:2      | Reached skill level 4 in Conjurations
  2027 | D:3      | You fall into a shaft and drop 3 floors!
  2056 | D:6      | Noticed a two-headed ogre
  2076 | D:6      | Killed a two-headed ogre
  2077 | D:6      | Reached skill level 5 in Conjurations
  2077 | D:6      | Reached XP level 6. HP: 8/39 MP: 5/11
  2077 | D:6      | Reached XP level 7. HP: 9/44 MP: 5/12
  2290 | D:6      | Noticed Blork the orc
  2344 | D:6      | Reached XP level 8. HP: 36/48 MP: 14/14
  2406 | D:6      | Reached skill level 5 in Maces & Flails
  2450 | D:6      | Reached skill level 5 in Fighting
  2472 | D:5      | Entered Level 5 of the Dungeon
  3680 | D:3      | Found the +7 Throatcutter {drain, coup de grace}
  3707 | D:3      | Reached skill level 6 in Conjurations
  3990 | D:4      | Found a staircase to the Ecumenical Temple.
  3998 | Temple   | Entered the Ecumenical Temple
  4110 | Temple   | Became a worshipper of Hepliaklqana the Forgotten
  4403 | D:4      | Noticed Menkaure
  4418 | D:4      | Killed Menkaure
  4808 | D:5      | Reached skill level 1 in Long Blades
  5029 | D:5      | Found a sacrificial altar of Ru.
  5175 | D:5      | Reached XP level 9. HP: 55/55 MP: 16/16
  5285 | D:5      | Gained mutation: You are partially covered in iridescent
                  | scales. (AC +2) [potion of mutation]
  5285 | D:5      | Gained mutation: You expend magic power (3 MP) to
                  | strengthen your wands. [potion of mutation]
  5579 | D:6      | Found a shimmering blue altar of Sif Muna.
  5731 | D:6      | Reached skill level 1 in Armour
  5731 | D:6      | Reached skill level 5 in Spellcasting
  6123 | D:6      | Reached * piety under Hepliaklqana
  6216 | D:6      | Found a basalt altar of Yredelemnul.
  6320 | D:7      | Noticed Pikel
  6341 | D:7      | Killed Pikel
  6342 | D:7      | Reached skill level 7 in Conjurations
  6496 | D:7      | Identified the +6 chain mail of Hospitality {rElec rPois
                  | Slay+5}
  6496 | D:7      | Noticed Duvessa
  6497 | D:7      | Noticed Dowan
  6510 | D:7      | Killed Duvessa
  6517 | D:7      | Killed Dowan
  6663 | D:7      | Found an opulent altar of Gozag.
  6710 | D:7      | Reached skill level 5 in Dodging
  6843 | D:7      | Found a shadowy altar of Dithmenos.
  6850 | D:7      | Reached XP level 10. HP: 54/54 MP: 18/18
  7605 | D:8      | Found a radiant altar of Vehumet.
  7737 | D:9      | Reached ** piety under Hepliaklqana
  7738 | D:9      | Remembered your ancestor Loumiss as a battlemage
  7742 | D:9      | Identified the +8 long sword of Frustration {vamp, rF- rN+
                  | Will+ Int+4 Dex+3}
  7763 | D:9      | Found Wifejay's Magic Scroll Boutique.
  7769 | D:9      | Bought a scroll of identify for 28 gold pieces
  7769 | D:9      | Bought a scroll of enchant armour for 105 gold pieces
  8035 | D:9      | Noticed Psyche
  8046 | D:9      | Killed Psyche
  8306 | D:9      | Found an ornate altar of the Wu Jian Council.
  8439 | D:10     | Entered Level 10 of the Dungeon
  8558 | D:10     | Noticed Grum
  8576 | D:10     | Killed Grum
  8703 | D:10     | Noticed Nergalle
  8716 | D:10     | Killed Nergalle
  8717 | D:10     | Reached skill level 1 in Hexes
  8989 | D:10     | Reached skill level 8 in Conjurations
  9143 | D:10     | Reached XP level 11. HP: 28/61 MP: 20/20
  9260 | D:10     | Reached *** piety under Hepliaklqana
  9493 | D:11     | Noticed a manticore
  9502 | D:11     | Killed a manticore
  9625 | D:11     | Found a staircase to the Lair.
  9637 | D:11     | Noticed a boulder beetle
  9639 | D:11     | Noticed a red ugly thing
  9641 | D:11     | Reached skill level 5 in Armour
  9649 | D:11     | Killed a boulder beetle
  9652 | D:11     | Killed a red ugly thing
  9877 | D:11     | Noticed a two-headed ogre
  9886 | D:11     | Killed a two-headed ogre
 10058 | D:11     | Found a staircase to the Orcish Mines.
 10306 | D:11     | Noticed a manticore
 10312 | D:11     | Killed a manticore
 10313 | D:11     | Reached skill level 5 in Long Blades
 10324 | D:11     | Noticed a two-headed ogre
 10332 | D:11     | Killed a two-headed ogre
 10501 | D:11     | Reached XP level 12. HP: 57/67 MP: 22/22
 10588 | D:11     | Reached **** piety under Hepliaklqana
 10838 | D:12     | Reached skill level 9 in Conjurations
 10888 | D:12     | Noticed Azrael
 10888 | D:12     | Noticed Rupert
 10888 | D:12     | Killed from afar by Azrael

Illustrated notes

Levels and vault maps discovered:
D:1:      spicycebolla_arrival_clurvy, layout_basic
D:2:      layout_basic, dreamdust_ecumenical_altar_hidden_monk_grotto,
          uniq_jessica
D:3:      layout_rooms, dilly_guarded_unrand_throatcut
D:4:      layout_loops_corners, minmay_temple_entry_trees, uniq_menkaure
D:5:      layout_basic, nicolae_ru_the_path_less_chosen
D:6:      layout_basic, tgw_sif, nicolae_yredelemnul_corpse_copse,
          uniq_blork_the_orc
D:7:      layout_rooms, kennysheep_little_box, mainiacjoe_overflow_alcove_1,
          uniq_pikel, uniq_duvessa
D:8:      layout_loops_cross, nicolae_vehumet_altar_sigil
D:9:      layout_loops_ring, nicolae_wu_jian_immortal_techniques, serial_shops,
          nicolae_shop_trees, kennysheep_generic_room_6, uniq_psyche
D:10:     layout_basic, chequers_mini_garden, uniq_grum, uniq_nergalle
D:11:     layout_irregular_city, due_lair_maze_entry_diamond,
          kennysheep_orc_monster_closet_entryway
D:12:     layout_cave_pools, minivault_19, minivault_16, uniq_azrael,
          uniq_rupert
Temple:   nicolae_temple_superstar

Skill      XL: |  1  2  3  4  5  6  7  8  9 10 11 12 |
---------------+-------------------------------------+-----
Dodging        | 2 3 4 5 6 |  6.5
Fighting       | 3 4 5 6 7 8 |  8.6
Conjurations   | 5 6 7 8 9 |  9.0
Maces & Flails | 4 5 6 7 8 |  8.1
Spellcasting   | 3 4 5 6 7 |  7.2
Long Blades    | 1 2 4 5 |  5.2
Armour         | 2 4 6 |  6.1
Hexes          | 1 3 |  3.4

Action                     |  1- 3 |  4- 6 |  7- 9 | 10-12 || total
---------------------------+-------+-------+-------+-------++-------
  Melee: Mace              |   117 |   118 |   460 |    19 ||   714
         Punch             |     1 |       |       |       ||     1
         Long sword        |       |       |       |   177 ||   177
  Throw: Dart              |       |       |    10 |     1 ||    11
         Boomerang         |       |       |    13 |    18 ||    31
   Cast: Momentum Strike   |       |     1 |     2 |       ||     3
         Kiss of Death     |       |     1 |     1 |       ||     2
         Hailstorm         |       |       |     1 |     2 ||     3
 Invoke: Ancestor Identity |       |       |     1 |     1 ||     2
         Ancestor Life: Ba |       |       |       |     1 ||     1
  Evoke: Wand              |       |       |     1 |       ||     1
    Use: Scroll            |     1 |     3 |    10 |     9 ||    23
         Potion            |       |     1 |     8 |       ||     9
   Stab: Invisible         |       |       |     1 |       ||     1
         Distracted        |       |       |     2 |     1 ||     3
 Armour: Leather armour    |    46 |    45 |   177 |    71 ||   339
         Troll leather arm |       |       |       |    22 ||    22
  Dodge: Dodged            |    57 |   103 |   463 |   239 ||   862
  Block: Buckler           |       |    16 |    57 |    56 ||   129
